Map: Tokamak LE

Players

ManlyManMeat - Winner!

  • Race: Zerg Zerg
  • League: Diamond
  • Spawn Location: 1:00

RazoR

  • Race: Protoss Protoss
  • League: Master
  • Spawn Location: 7:00

VOD

Have the link to the VOD?

Description

Time

  • Played on: June 30, 2025, 5:06 a.m.
  • Length: 9:02
Show
View Real Time Build Order
Export as new Build Order

ManlyManMeat Zerg - Winner!

Build Orders: Hatch First 

Get SALT Encoding   

  12  0:00  Drone  
  13  0:09  Drone  
  14  0:15  Extractor  
  14  0:16  Drone  
  15  0:21  Overlord  
  15  0:41  Drone  
  16  0:48  Hatchery  
  15  0:51  Drone  
  15  0:54  Drone  
  17  1:01  Drone  
  18  1:18  Extractor, Spawning Pool  
  17  1:19  Drone  
  17  1:20  Drone  
  18  1:26  Drone  
  19  1:37  Drone  
  20  2:02  Overlord  
  20  2:05  Queen x2  
  20  2:06  Zergling x2  
  20  2:07  Zergling x2  
  26  2:20  Drone  
  26  2:21  Drone  
  28  2:33  Drone x4  
  32  2:47  Hatchery  
  32  2:50  Drone x2  
  33  3:02  Drone x2  
  33  3:03  Overlord  
  35  3:15  Overlord  
  35  3:17  Overlord  
  35  3:20  Metabolic Boost  
  35  3:27  Baneling Nest, Queen  
  35  3:33  Lair  
  36  3:37  Drone x3  
  36  3:39  Drone  
  36  3:40  Drone  
  41  3:43  Drone  
  42  4:01  Queen  
  43  4:09  Queen  
  45  4:14  Drone x3, Evolution Chamber  
  45  4:15  Evolution Chamber  
  45  4:16  Drone x3, Extractor  
  48  4:17  Drone  
  48  4:20  Drone x2  
  48  4:22  Drone  
  52  4:32  Spore Crawler  
  52  4:33  Spore Crawler  
  52  4:36  Drone, Spore Crawler  
  52  4:37  Drone  
  52  4:38  Drone  
  52  4:42  Overlord  
  52  4:44  Overlord  
  52  4:47  Centrifugal Hooks  
  52  4:50  Zerg Melee Weapons Level 1  
  51  5:17  Zergling x36  
  69  5:21  Drone  
  70  5:31  Overlord  
  70  5:35  Zerg Ground Armor Level 1  
  70  5:36  Hatchery  
  69  5:59  Roach Warren  
  61  6:22  Zergling x4  
  61  6:23  Zergling x26  
  73  6:27  Zergling x6  
  68  6:44  Glial Reconstitution  
  68  6:45  Hatchery x2, Roach x3  
  72  6:54  Roach  
  72  6:55  Roach x3  
  72  6:56  Overlord  
  72  6:57  Overlord  
  72  6:58  Overseer  
  80  7:11  Overlord x2  
  80  7:28  Roach x3  
  80  7:29  Roach x5  
  96  7:30  Zergling x2  
  97  7:38  Baneling x2  
  97  7:39  Baneling  
  97  7:42  Drone x3  
  97  7:43  Extractor  
  99  7:44  Drone x3  
  99  7:45  Drone  
  103  7:57  Zergling x6, Roach x3  
  109  8:33  Roach x9  
  123  8:35  Overlord  
  123  8:36  Overlord  
Show
View Real Time Build Order
Export as new Build Order

RazoR Protoss 

Build Orders: Double Forge, Blink Stalkers 

Get SALT Encoding   

  12  0:00  Probe  
  13  0:12  Probe  
  14  0:21  Pylon  
  14  0:25  Probe  
  15  0:29  Assimilator  
  15  0:47  Gateway, Probe  
  16  0:59  Probe  
  16  1:03  Pylon  
  17  1:11  Probe  
  18  1:23  Probe  
  19  1:36  Cybernetics Core, Zealot  
  19  1:39  Probe  
  22  1:51  Probe  
  23  2:03  Probe  
  23  2:07  Warp Gate  
  24  2:10  Nexus  
  24  2:16  Shield Battery  
  24  2:22  Stalker  
  24  2:28  Probe  
  27  2:37  Pylon  
  27  2:40  Probe  
  28  2:52  Probe  
  28  2:54  Stalker  
  31  3:04  Probe  
  32  3:10  Twilight Council  
  32  3:16  Probe  
  33  3:23  Gateway  
  33  3:27  Blink  
  33  3:28  Gateway  
  33  3:31  Pylon, Probe  
  34  3:37  Assimilator  
  34  3:49  Probe  
  34  3:50  Probe  
  36  3:57  Stalker  
  38  4:10  Probe x2  
  38  4:14  Pylon  
  40  4:18  Probe  
  40  4:19  Probe  
  42  4:25  Pylon  
  42  4:27  Probe  
  42  4:28  Probe  
  44  4:35  Forge, Probe  
  44  4:36  Probe  
  44  4:42  Forge  
  46  4:47  Stalker  
  46  4:50  Stalker  
  46  4:52  Probe  
  50  4:53  Probe  
  52  5:06  Zealot  
  54  5:13  Robotics Facility  
  54  5:19  Probe  
  54  5:20  Probe  
  56  5:21  Zealot  
  56  5:22  Zealot  
  60  5:30  Zealot  
  60  5:31  Probe  
  60  5:32  Probe  
  64  5:43  Pylon  
  64  5:45  Zealot x2  
  68  5:56  Photon Cannon  
  68  5:59  Photon Cannon  
  68  6:00  Protoss Ground Weapons Level 1  
  68  6:02  Zealot  
  65  6:11  Protoss Ground Armor Level 1  
  57  6:13  Zealot  
  42  6:39  Zealot x2  
  46  6:42  Probe x2  
  48  6:48  Pylon  
  48  6:50  Probe x2  
  48  6:54  Observer  
  48  6:59  Photon Cannon  
  48  7:01  Probe  
  51  7:02  Pylon  
  51  7:03  Probe  
  53  7:09  Probe  
  53  7:15  Probe  
  55  7:19  Observer  
  55  7:20  Zealot  
  55  7:21  Stalker  
  60  7:23  Stalker  
  60  7:25  Probe  
  60  7:27  Probe  
  64  7:37  Probe  
  64  7:39  Probe  
  66  7:46  Pylon  
  66  7:52  Gateway  
  66  7:56  Gateway  
  66  7:57  Zealot  
  68  8:04  Photon Cannon  
  68  8:14  Stalker  
  68  8:17  Zealot x2  
  60  8:45  Zealot x2  
Tags
 
Add a new tag
Caveats
  • Supply blocks, unpowered buildings, or Contaminate may cause inaccurate times.
  • Supply counts are checked every 10 seconds.